 Dungeon Crawl Stone Soup version 0.19.1-1-g22dce08 (webtiles) character file.

662 galech the Ruffian (level 7, -8/66 HPs)
             Began as a Troll Monk on Dec 31, 2016.
             Engulfed by a cloud of freezing vapour (22 damage)
             ... on level 5 of the Dungeon.
             The game lasted 00:07:46 (3056 turns).

galech the Ruffian (Troll Monk)                     Turns: 3056, Time: 00:07:46

Health: -8/66      AC:  6    Str: 22    XL:     7   Next: 30%
Magic:  6/6        EV: 11    Int:  6    God:
Gold:   186        SH:  3    Dex: 12    Spells: 0 memorised, 6 levels left

rFire  . . .     SeeInvis .       - Unarmed
rCold  . . .     Gourm    +     a - +0 robe
rNeg   . . .     Faith    .     (no shield)
rPois  .         Spirit   .     (helmet restricted)
rElec  .         Reflect  +     q - +0 cloak
rCorr  .         Harm     .     (gloves unavailable)
MR     .....                    (boots unavailable)
Stlth  ++........               m - +3 amulet of reflection
                                (no ring)
                                (no ring)

@: no status effects
A: unfitting armour, claws 3, fast metabolism 3, gourmand, regeneration 1,
shaggy fur 1, tough skin 2
a: no special abilities


You were on level 5 of the Dungeon.
You were full.

You visited 1 branch of the dungeon, and saw 5 of its levels.

You collected 186 gold pieces.

Inventory:

Armour
 a - a +0 robe (worn)
 q - a +0 cloak (worn)
Jewellery
 m - a +3 amulet of reflection (around neck)
Wands
 p - a wand of flame (24/48)
 r - a wand of iceblast (8/15)
Scrolls
 c - a scroll of teleportation {unknown}
 e - 2 scrolls of remove curse {unknown}
 f - 3 scrolls of identify {unknown}
 h - a scroll of enchant weapon {unknown}
 i - a scroll of immolation {unknown}
 s - a scroll of recharging {unknown}
 u - a scroll of fog {unknown}
 v - a scroll of random uselessness {unknown}
Potions
 d - a potion of haste {unknown}
 k - 2 potions of heal wounds {unknown}
 l - 2 potions of flight {unknown}
 n - 2 potions of resistance {unknown}
 o - 2 potions of ambrosia {unknown}
 w - a potion of might {unknown}
Comestibles
 b - 7 bread rations
 g - a meat ration
 j - 4 beef jerkies
 t - 4 fruits


   Skills:
 + Level 2.8 Fighting
 + Level 4.5 Dodging
 + Level 1.5 Stealth
 + Level 6.6 Unarmed Combat


You had 6 spell levels left.
You didn't know any spells.

Dungeon Overview and Level Annotations

Branches:
Dungeon (5/15)
 Temple: D:4-7

Altars:
Ashenzari
Gozag
Hepliaklqana
Qazlal
Uskayaw
Xom

Shops:
D:4 [


Innate Abilities, Weirdness & Mutations

You are too large for most types of armour.
You have claws for hands.
Your metabolism is lightning-fast.
You like to eat raw meat.
Your natural rate of healing is unusually fast.
You are covered in fur. (AC +1)
You have very tough skin. (AC +2)


Message History

v - a scroll labeled BYUFAGGYAPAM
Found a helmet.
Found a stone staircase leading down.
w - a silvery potion Done exploring.
Done exploring.
You open the door.
Really walk into a travel-excluded area?
Found a stone staircase leading down.
There is an open door here.
o - 2 coppery potions (gained 1)
Things that are here:
a runed dire flail; a ring mail
Things that are here:
a runed dire flail; a ring mail You are engulfed in freezing vapours.
You are engulfed in freezing vapours.
You are engulfed in freezing vapours.
* * * LOW HITPOINT WARNING * * *
You are engulfed in freezing vapours.
You die...

##.##......#.###§#.##
.._..###.###...#.#§##
.#.#.....#####.#.#§##
....#.###......#.#§#####
.####.###.#....#.#§#....
....)...#.#.#..#.#§#....
........#.#.##.#.#§#....
........#.#.##.#.#.#....
........#.#....#@#.###
..<.....#.#....#§#.##
...#.####...[#.#§#.##
........#..###.#§#.##
.............#.#§#.##
.........#.....#§#$##
.........###.>.#§#$##
.........# ###.8§#$##
##.......# #.'.#$##


There were no monsters in sight!

Vanquished Creatures
  The ghost of theAP the Cudgeler, an amateur DsCK of Gozag (D:3)
  Blork the orc (D:5)
  2 hounds (D:4)
  An orc wizard (D:4)
  Crazy Yiuf (D:4)
  2 orc priests (D:4)
  A bullfrog skeleton (D:4)
  An iguana (D:4)
  Terence (D:3)
  A worker ant (D:4)
  Robin (D:4)
  3 adders
  2 oozes
  2 worms
  4 dart slugs
  4 leopard geckos
  19 orcs
  4 giant cockroaches
  16 goblins
  11 hobgoblins
  7 jackals
  3 quokkas
  4 ball pythons
  3 bats
  5 frilled lizards
  A jackal skeleton (D:4)
  A jackal zombie (D:4)
  6 kobolds
  9 rats
  A fungus (D:4)
118 creatures vanquished.

Vanquished Creatures (others)
  Edmund (D:5)
1 creature vanquished.

Grand Total: 119 creatures vanquished

Notes
Turn   | Place    | Note
-------+----------+-------------------------------------------
     0 | D:1      | galech the Troll Monk began the quest for the Orb.
     0 | D:1      | Reached XP level 1. HP: 22/22 MP: 0/0
   126 | D:1      | Reached XP level 2. HP: 29/29 MP: 1/1
   278 | D:1      | Reached XP level 3. HP: 32/36 MP: 2/2
   432 | D:1      | You fall through a shaft!
   858 | D:2      | Reached XP level 4. HP: 44/44 MP: 3/3
  1031 | D:2      | Found a shattered altar of Ashenzari.
  1219 | D:3      | Found a shimmering altar of Xom.
  1220 | D:3      | Found a hazy altar of Hepliaklqana.
  1220 | D:3      | Noticed a hungry ghost
  1221 | D:3      | Noticed a spectral ugly thing
  1221 | D:3      | Noticed a hungry ghost
  1342 | D:3      | Reached skill level 4 in Unarmed Combat
  1343 | D:3      | Noticed Terence
  1361 | D:3      | Killed Terence
  1585 | D:3      | Reached XP level 5. HP: 50/50 MP: 4/4
  1595 | D:3      | Noticed theAP's ghost (amateur DsCK)
  1605 | D:3      | Killed theAP's ghost
  1605 | D:3      | Reached skill level 5 in Unarmed Combat
  1605 | D:3      | Reached XP level 6. HP: 39/59 MP: 5/5
  1940 | D:4      | Found a runed door.
  1944 | D:4      | Noticed Crazy Yiuf
  1956 | D:4      | Killed Crazy Yiuf
  2003 | D:4      | Noticed Robin
  2031 | D:4      | Killed Robin
  2130 | D:4      | Found a hide-covered altar of Uskayaw.
  2217 | D:4      | Reached skill level 6 in Unarmed Combat
  2246 | D:4      | Reached XP level 7. HP: 62/66 MP: 6/6
  2253 | D:4      | Found a stormy altar of Qazlal.
  2352 | D:4      | Found Ruid's Antique Armour Shop.
  2897 | D:5      | Entered Level 5 of the Dungeon
  2897 | D:5      | Noticed Blork the orc
  2902 | D:5      | Killed Edmund
  2903 | D:5      | Killed Blork the orc
  2929 | D:5      | Found an opulent altar of Gozag.
  3056 | D:5      | Engulfed by a cloud of freezing vapour

Skill      XL: |  1  2  3  4  5  6 |
---------------+-------------------+-----
Dodging        | 3 4 |  4.5
Unarmed Combat | 4 5 6 |  6.6
Fighting       | |  2.8
Stealth        | |  1.5

Action                   |  1- 3 |  4- 6 |  7- 9 || total
-------------------------+-------+-------+-------++-------
Melee: Unarmed           |   116 |   170 |    22 ||   308
       Punch             |     3 |     3 |     2 ||     8
 Stab: Sleeping          |     1 |     3 |     2 ||     6
       Distracted        |     1 |       |       ||     1
  Eat: Chunk             |    13 |    13 |     5 ||    31
Armor: Robe              |    42 |    51 |     5 ||    98
Dodge: Dodged            |    54 |    90 |     7 ||   151
Block: Other             |       |     5 |     2 ||     7
